 Dungeon Crawl Stone Soup version 0.27-a0-54-g64bdb92e38 (webtiles) character file.

Game seed: 16244936104277232979

4900 Borgoz the Slasher (level 10, -4/71 HPs)
             Began as a Halfling Fighter on Jan 7, 2021.
             Was a Believer of Ashenzari.
             Slain by a hornet (10 damage)
             ... on level 10 of the Dungeon.
             The game lasted 00:21:54 (12451 turns).

Borgoz the Slasher (Halfling Fighter)              Turns: 12451, Time: 00:21:55

Health: -4/71      AC: 12    Str: 18    XL:     10   Next: 80%
Magic:  15/15      EV: 14    Int:  6    God:    Ashenzari [**....]
Gold:   514        SH: 16    Dex: 17    Spells: 12/15 levels left

rFire    . . .     SeeInvis .   a - +0 scimitar
rCold    . . .     Faith    .   c - +0 kite shield
rNeg     . . .     Spirit   .   i - +1 ring mail {rPois}
rPois    +         Reflect  +   m - +0 helmet
rElec    .         Harm     .   q - scarf {repulsion}
rCorr    .         Rampage  .   (no gloves)
Will     +....                  (no boots)
Stlth    ++........             y - amulet of reflection
HPRegen  0.21/turn              x - +4 ring of protection
MPRegen  0.14/turn              v - ring of willpower

@: lethally poisoned (-4 -> -9), slowed, repel missiles, very slow
A: small, mutation resistance 1
a: Renounce Religion, Curse Item, Scrying


You were on level 10 of the Dungeon.
You worshipped Ashenzari.
Ashenzari was pleased with you.
You visited 2 branches of the dungeon, and saw 11 of its levels.

You collected 514 gold pieces.

Inventory:

Hand Weapons
 a - a +0 scimitar (weapon)
 b - the cursed +2 dagger of Fear {antimagic, +Rage MP-9 Str+4 Dex+4}
   (You took it off an orc on level 7 of the Dungeon)

   It reduces the magical energy of the wielder, and disrupts the spells and
   magical abilities of those hit.
   Natural abilities and divine invocations are not affected.
   It affects your strength (+4).
   It affects your dexterity (+4).
   It affects your magic capacity (-9).
   It lets you go berserk.
   It has a curse placed upon it.
Missiles
 B - 2 throwing nets (quivered)
Armour
 c - a +0 kite shield (worn)
 i - a +1 ring mail of poison resistance (worn)
 m - a +0 helmet (worn)
 q - a scarf of repulsion (worn)
Jewellery
 v - a ring of willpower (right hand)
 x - a +4 ring of protection (left hand)
 y - an amulet of reflection (around neck)
 G - an uncursed ring of ice
Wands
 g - a wand of acid (2)
 u - a wand of polymorph (6)
 C - a wand of iceblast (21)
Scrolls
 h - 2 scrolls of enchant armour {unknown}
 k - a scroll of blinking
 l - 2 scrolls of random uselessness {unknown}
 o - 2 scrolls of fear {unknown}
 p - 4 scrolls of remove curse
 s - 3 scrolls of silence {unknown}
 t - a scroll of magic mapping
 z - a scroll of enchant weapon {unknown}
 D - 2 scrolls of summoning {unknown}
 F - a scroll of teleportation
 H - a scroll of identify
Potions
 d - 4 potions of might
 e - 2 potions of mutation
 f - a potion of lignification {unknown}
 j - 5 potions of curing
 n - a potion of cancellation
 r - 2 potions of invisibility
 w - a potion of magic
 A - a potion of berserk rage
 E - a potion of haste


   Skills:
 * Level 7.1 Fighting
 * Level 7.2 Long Blades
 + Level 6.2 Armour
 + Level 5.0 Dodging
 - Level 5.0 Stealth
 - Level 6.0 Shields
 + Level 3.3 Spellcasting
 + Level 3.7 Hexes


You had 12 spell levels left.
You knew the following spells:

 Your Spells              Type           Power        Failure   Level
a - Confusing Touch       Hex            5%           85%         3

Your spell library contained the following spells:

 Spells                   Type           Power        Failure   Level
 Slow                     Hex            5%           63%         2
 Magic Dart               Conj           4%           94%         1
 Blink                    Tloc           N/A          98%         2
 Call Imp                 Summ           1%           98%         2
 Conjure Flame            Conj/Fire      1%           100%        3
 Gell's Gravitas          Tloc           0%           100%        3
 Mephitic Cloud           Conj/Pois/Air  1%           100%        3
 Petrify                  Tmut/Erth      1%           100%        4
 Metabolic Englaciation   Hex/Ice        1%           100%        5
 Yara's Violent Unravell  Hex/Tmut       1%           100%        5


Dungeon Overview and Level Annotations

Branches:
Dungeon (10/15)            Temple (1/1) D:4             Orc (0/2) D:9
   Lair: D:8-11

Altars:
Ashenzari
Cheibriados
Dithmenos
Elyvilon
Fedhas
Gozag
Hepliaklqana
Kikubaaqudgha
Makhleb
Nemelex Xobeh
Okawaru
Qazlal
Ru
Sif Muna
Trog
Uskayaw
Vehumet
Wu Jian
Xom
Yredelemnul
Zin
The Shining One
Beogh

Shops:
D:6 *}((


Innate Abilities, Weirdness & Mutations

You are small and have problems with some larger weapons.
You are somewhat resistant to further mutation.


Message History

The hornet closely misses you.
You riposte.
You slash the hornet!
The hornet is heavily wounded.
You hit the hornet.
The hornet is severely wounded.
The hornet stings you!
You are poisoned.
You feel yourself slow down. You block the hornet's attack.
You hit the hornet.
The hornet is almost dead.
You feel sick. You block the hornet's attack. The hornet stings you!
* * * LOW HITPOINT WARNING * * *
You feel as though you will be slow longer.
The phantom blinks!
You block the hornet's attack.
You hit the hornet but do no damage.
The hornet is almost dead.
You feel sick. The hornet stings you!
* * * LOW HITPOINT WARNING * * *
You feel as though you will be slow longer.
The hornet stings you!
You die...

, *, , , ####..
..............# , .....,
,.............# ,, ....*
,,............# , ,. #...
#.#......... ..##...
#.#........,* .?.....
#..W....#****
..##...######......#####
..()...))÷.@y.†........#.
≈.......#####............
......... *#.##.........
, ......#...
........≈≈.... *
.........................
, *
#.......#.#..........[...
,,
..#..$....###............
, ...........
.......#.....
##..#.#+#..... *


You could see a phantom and a hornet.

Vanquished Creatures
  Pikel (D:7)
  Joseph (D:10)
  Psyche (D:8)
  3 orc warriors
  2 ice beasts
  4 sky beasts
  2 ogres
  2 phantoms
  5 black bears
  A centaur (D:10)
  4 lemures (D:8)
  2 bullfrogs (D:6)
  A scorpion (D:7)
  A wyvern skeleton (D:8)
  6 killer bees (D:9)
  5 wights (D:7)
  An electric eel (D:7)
  6 howler monkeys
  A quasit (D:9)
  A bullfrog zombie (D:8)
  A centaur zombie (D:8)
  6 hounds
  Crazy Yiuf (D:5)
  2 orc priests
  3 orc wizards
  A jelly (D:8)
  2 iguanas
  Ijyb (D:4)
  11 worker ants
  A hound zombie (D:5)
  A hound skeleton (D:4)
  A worker ant zombie (D:6)
  4 gnolls
  10 adders
  A shadow imp (D:8)
  3 white imps
  2 ufetubi
  3 oozes
  4 worms
  A dart slug (D:4)
  10 leopard geckos
  31 orcs
  A ball python (D:3)
  4 giant cockroaches
  14 goblins
  8 hobgoblins
  6 jackals
  10 kobolds
  4 quokkas
  6 bats
  5 frilled lizards
  11 rats
219 creatures vanquished.

Vanquished Creatures (others)
  3 plants (D:6)
3 creatures vanquished.

Grand Total: 222 creatures vanquished

Notes
Turn   | Place    | Note
-------+----------+-------------------------------------------
     0 | D:1      | Borgoz the Halfling Fighter began the quest for the Orb.
     0 | D:1      | Reached XP level 1. HP: 15/15 MP: 1/1
    74 | D:1      | Reached XP level 2. HP: 6/20 MP: 2/2
   746 | D:1      | Found a broken altar of Ashenzari.
   764 | D:1      | Became a worshipper of Ashenzari the Shackled
   796 | D:1      | Reached XP level 3. HP: 26/26 MP: 3/3
  1698 | D:2      | Reached XP level 4. HP: 28/31 MP: 4/4
  1699 | D:2      | Reached skill level 1 in Dodging
  1855 | D:2      | Learned a level 3 spell: Confusing Touch
  2206 | D:2      | Found a shimmering altar of Xom.
  2206 | D:2      | Found a snail-covered altar of Cheibriados.
  2211 | D:2      | Found a faded altar of an unknown god.
  2213 | D:2      | Found a faded altar of an unknown god.
  2214 | D:2      | Found a sacrificial altar of Ru.
  2940 | D:3      | Reached XP level 5. HP: 11/36 MP: 5/5
  3862 | D:3      | Reached skill level 1 in Stealth
  3874 | D:3      | Reached XP level 6. HP: 36/43 MP: 6/6
  4269 | D:4      | Noticed Ijyb
  4282 | D:4      | Killed Ijyb
  4418 | D:4      | Reached * piety under Ashenzari
  4493 | D:4      | Found a staircase to the Ecumenical Temple.
  4503 | Temple   | Entered the Ecumenical Temple
  4772 | D:4      | Reached skill level 1 in Spellcasting
  4772 | D:4      | Reached skill level 1 in Hexes
  4772 | D:4      | Reached XP level 7. HP: 48/48 MP: 8/8
  5072 | D:5      | Entered Level 5 of the Dungeon
  5954 | D:5      | Found a runed translucent door.
  5955 | D:5      | Noticed Crazy Yiuf
  6164 | D:5      | Killed Crazy Yiuf
  6285 | D:6      | Found Rotho's Weapon Shoppe.
  6518 | D:6      | Reached XP level 8. HP: 54/54 MP: 8/10
  7404 | D:7      | Identified the cursed +2 dagger of Fear {antimagic, +Rage
                  | MP-9 Str+4 Dex+4}
  7556 | D:7      | Reached skill level 5 in Fighting
  7744 | D:7      | Reached skill level 5 in Long Blades
  7934 | D:7      | Noticed Pikel
  8310 | D:6      | Found Yxzehiph's Antique Weapon Emporium.
  8320 | D:6      | Reached XP level 9. HP: 51/59 MP: 10/12
  8320 | D:6      | Found Qexuvec's Gadget Emporium.
  8418 | D:6      | Reached skill level 5 in Armour
  8592 | D:6      | Found Kaurorri's Assorted Antiques.
  8673 | D:7      | Reached skill level 5 in Shields
  9322 | D:8      | Noticed Psyche
  9339 | D:8      | Killed Psyche
  9539 | D:8      | Found the +9 staff of Wucad Mu {channel}
  9950 | D:9      | Reached XP level 10. HP: 29/68 MP: 14/14
 10272 | D:7      | Killed Pikel
 10475 | D:7      | Reached ** piety under Ashenzari
 10968 | D:7      | Reached skill level 5 in Stealth
 11696 | D:9      | Found a sparkling altar of Nemelex Xobeh.
 11757 | D:9      | Found a hide-covered altar of Uskayaw.
 11994 | D:9      | Found a staircase to the Orcish Mines.
 12016 | D:9      | Found a roughly hewn altar of Beogh.
 12064 | D:10     | Entered Level 10 of the Dungeon
 12122 | D:10     | Noticed Joseph
 12150 | D:10     | Killed Joseph
 12151 | D:10     | Reached skill level 5 in Dodging
 12451 | D:10     | Slain by a hornet

Illustrated notes

Levels and vault maps discovered:
D:1:      minmay_arrival_doors, layout_basic, evilmike_ruin_ashenzari
D:2:      layout_basic, chequers_temple_overflow_minitemple, st_stairs_1,
          minmay_tromino_v4_a
D:3:      layout_loops_ring
D:4:      layout_loops_cross, minmay_temple_entry_stoned_glass, uniq_ijyb
D:5:      layout_loops_ring, patterned_corridor, uniq_crazy_yiuf_cottage
D:6:      cheibrodos_two_vegetables, layout_basic, serial_shops, shop,
          nicolae_shop_statue_plus, shop, shop
D:7:      layout_layer_cave, nicolae_lava_and_water, st_stairs_4, uniq_pikel
D:8:      minmay_skewed_foursquare, layout_loops_ring, uniq_psyche
D:9:      layout_basic, eat_drink_and_be_merry_uskayaw,
          minmay_orc_entry_temple_small, nemelex_diamond_rough_becter
D:10:     layout_basic, chequers_serial_rivers_marsh, uniq_grum, uniq_joseph
Temple:   dpeg_five_rooms_temple

Skill      XL: |  1  2  3  4  5  6  7  8  9 10 |
---------------+-------------------------------+-----
Fighting       | 3 4 5 6 7 |  7.1
Dodging        | 1 2 3 4 5 |  5.0
Long Blades    | 3 4 5 6 7 |  7.2
Stealth        | 1 2 3 4 5 |  5.0
Armour         | 4 5 6 |  6.2
Shields        | 4 5 6 |  6.0
Spellcasting   | 1 2 3 |  3.3
Hexes          | 1 2 3 |  3.7

Action                   |  1- 3 |  4- 6 |  7- 9 | 10-12 || total
-------------------------+-------+-------+-------+-------++-------
Melee: Long sword        |   122 |   234 |   326 |       ||   682
       Scimitar          |       |       |   114 |   271 ||   385
Throw: Throwing net      |       |       |     2 |       ||     2
Evoke: Wand              |       |       |       |     2 ||     2
  Use: Scroll            |     3 |     5 |     6 |       ||    14
       Potion            |       |     2 |     4 |     2 ||     8
 Stab: Invisible         |       |     1 |       |       ||     1
       Sleeping          |       |       |     2 |     3 ||     5
Armor: Scale mail        |    67 |    70 |       |       ||   137
       Ring mail         |       |     6 |   166 |    68 ||   240
Dodge: Dodged            |    53 |    77 |   285 |   115 ||   530
       Repelled          |       |     2 |     2 |       ||     4
Block: Kite shield       |    67 |   128 |   330 |   244 ||   769
       Reflection        |       |       |     2 |     3 ||     5
       Rpst.: Long sword |    14 |    22 |    69 |       ||   105
       Scimitar          |       |       |    14 |    42 ||    56

Table legend: (Time is in decaauts)
 A = Elapsed time spent in this place.
 B = Non-inter-level travel time spent in this place.
 C = Inter-level travel time spent in this place.
 D = Time resting spent in this place.
 E = Time spent auto-exploring this place.
 F = Levels seen in this place.
 G = Mean time per level.
                   A        B        C        D        E       F      G
               +--------+--------+--------+--------+--------+-----+--------+
         Total |  12787 |  12276 |    511 |   3324 |   6398 |  11 | 1162.5 |
       Dungeon |  12550 |  12088 |    462 |   3324 |   6210 |  10 | 1255.0 |
        Temple |    237 |    188 |     49 |      0 |    188 |   1 |  237.0 |
               +--------+--------+--------+--------+--------+-----+--------+

Top non-repeatable levels by time:
     D:6: 1703 daAuts
     D:7: 1637 daAuts
     D:3: 1612 daAuts
     D:1: 1446 daAuts
     D:8: 1319 daAuts
     D:5: 1296 daAuts
     D:9: 1236 daAuts
     D:2: 967 daAuts
     D:4: 938 daAuts
    D:10: 393 daAuts
  Temple: 237 daAuts
